[ AOE2 MATCH · #480143590 ]
Team RMPortuguese vs Romans
[ REPLAY ANALYSIS · EXTRACTED FROM THE RECORDED GAME ]
Feudal
12:09
Castle
17:16
Imperial
33:51
| APM avg | 39.6 |
| APM peak | 103 |
| eAPM avg | 11.4 |
| Villagers / military | 131 / 167 |
Focus
⚔️ 39.7% · 🌾 60.3%
Organ Gun ×111 · Battering Ram ×35 · Bombard Cannon ×13 · Mangonel ×6 · Knight ×2
Feudal
16:55
Castle
25:09
Imperial
37:03
| APM avg | 15.9 |
| APM peak | 59 |
| eAPM avg | 10.5 |
| Villagers / military | 95 / 240 |
Focus
⚔️ 37.9% · 🌾 62.1%
Scorpion ×103 · Militia ×72 · Knight ×35 · Spearman ×20 · Scout Cavalry ×9 · Trade Cart ×3
Feudal
13:46
Castle
20:12
Imperial
38:14
| APM avg | 30.0 |
| APM peak | 97 |
| eAPM avg | 14.0 |
| Villagers / military | 111 / 272 |
Focus
⚔️ 32.0% · 🌾 68.0%
Archer ×144 · Knight ×56 · Scout Cavalry ×50 · Trade Cart ×11 · Bombard Cannon ×10 · Spearman ×6
Feudal
14:06
Castle
23:10
Imperial
41:14
| APM avg | 10.1 |
| APM peak | 30 |
| eAPM avg | 7.4 |
| Villagers / military | 80 / 5 |
Focus
⚔️ 26.1% · 🌾 73.9%
Unknown (1968) ×135 · Unknown (1944) ×21 · Spearman ×5
Match map
Initial resources + every placement click. Lines = walls · curves = elevation contours. ◆ gold · ⬟ stone · ● berries · ✦ relic · ◌ wall gap
Your base· Open — opponent sealed themselves in
Blues_1111's base· ✓ Closed at 25:09 · 38t walls · 2 gate(s)
大大只's base· ✓ Closed at 20:12 · 0t walls · no gate
Sheldor's base· Open — opponent sealed themselves in
Smoothed initial terrain · ◌ = detected wall gap · hover for details
Inputs per minute
— Nicholas - - Blues_1111
Build order — Nicholas
First 150 of 265 actions detected
| 0:04 | Build | House |
| 0:12 | Build | House |
| 0:14 | Build | House |
| 0:16 | Build | House |
| 0:18 | Create | Villager (Male) |
| 0:18 | Create | Villager (Male) |
| 0:18 | Create | Villager (Male) |
| 0:18 | Create | Villager (Male) |
| 1:43 | Build | Lumber Camp |
| 1:44 | Create | Villager (Male) |
| 1:44 | Create | Villager (Male) |
| 2:11 | Create | Villager (Male) |
| 3:03 | Create | Villager (Male) |
| 3:03 | Create | Villager (Male) |
| 3:28 | Create | Villager (Male) |
| 4:22 | Create | Villager (Male) |
| 4:22 | Create | Villager (Male) |
| 4:22 | Create | Villager (Male) |
| 4:45 | Create | Villager (Male) |
| 4:54 | Create | Villager (Male) |
| 4:55 | Create | Villager (Male) |
| 5:24 | Create | Villager (Male) |
| 5:24 | Create | Villager (Male) |
| 5:55 | Create | Villager (Male) |
| 6:06 | Create | Villager (Male) |
| 6:35 | Create | Villager (Male) |
| 6:39 | Build | House |
| 7:06 | Create | Villager (Male) |
| 7:06 | Create | Villager (Male) |
| 7:52 | Create | Villager (Male) |
| 8:08 | Build | Mill |
| 9:09 | Create | Villager (Male) |
| 9:09 | Create | Villager (Male) |
| 9:10 | Create | Villager (Male) |
| 9:10 | Create | Villager (Male) |
| 9:25 | Build | Mining Camp |
| 9:29 | Create | Villager (Male) |
| 9:47 | Research | Feudal Age |
| 11:14 | Build | Barracks |
| 11:32 | Create | Villager (Male) |
| 11:32 | Create | Villager (Male) |
| 11:54 | Research | Loom |
| 12:09 | Age | Feudal Age |
| 12:10 | Build | House |
| 12:11 | Build | House |
| 12:12 | Build | House |
| 12:20 | Build | Archery Range |
| 12:23 | Build | Archery Range |
| 12:33 | Create | Villager (Male) |
| 12:33 | Create | Villager (Male) |
| 12:56 | Build | Blacksmith |
| 13:09 | Build | Farm |
| 13:12 | Build | Farm |
| 13:13 | Build | Farm |
| 13:13 | Build | Farm |
| 13:14 | Build | Farm |
| 13:21 | Build | Farm |
| 13:42 | Build | Farm |
| 14:00 | Build | Farm |
| 14:26 | Build | Farm |
| 14:36 | Research | Castle Age |
| 15:12 | Research | Double-Bit Axe |
| 15:47 | Build | Stable |
| 16:36 | Build | House |
| 17:16 | Age | Castle Age |
| 17:23 | Build | Town Center |
| 17:35 | Build | Town Center |
| 17:53 | Research | Horse Collar |
| 18:02 | Create | Villager (Male) |
| 18:02 | Create | Villager (Male) |
| 18:03 | Create | Villager (Male) |
| 18:56 | Create | Knight |
| 18:56 | Create | Knight |
| 19:00 | Create | Villager (Male) ×5 |
| 19:14 | Create | Villager (Male) ×5 |
| 19:26 | Build | Farm |
| 19:26 | Build | Farm |
| 19:27 | Build | Farm |
| 19:27 | Build | Farm |
| 20:50 | Create | Villager (Male) ×5 |
| 20:50 | Create | Villager (Male) |
| 21:15 | Build | Siege Workshop |
| 21:30 | Create | Villager (Male) ×3 |
| 21:35 | Build | Farm |
| 22:17 | Build | Lumber Camp |
| 22:20 | Research | Bow Saw |
| 22:28 | Create | Mangonel |
| 22:41 | Build | Farm |
| 22:46 | Create | Villager (Male) ×4 |
| 23:30 | Build | Castle |
| 24:22 | Create | Organ Gun |
| 24:23 | Create | Organ Gun |
| 24:36 | Build | Mining Camp |
| 24:43 | Create | Organ Gun |
| 24:43 | Create | Organ Gun |
| 24:48 | Create | Mangonel |
| 25:15 | Create | Organ Gun |
| 25:28 | Create | Mangonel |
| 25:29 | Create | Mangonel |
| 25:39 | Build | Town Center |
| 25:54 | Build | Farm |
| 25:58 | Build | Farm |
| 26:01 | Create | Villager (Male) ×5 |
| 26:02 | Research | Wheelbarrow |
| 27:21 | Create | Organ Gun |
| 27:22 | Create | Organ Gun |
| 27:22 | Create | Organ Gun |
| 27:29 | Research | Hand Cart |
| 27:31 | Create | Villager (Male) ×5 |
| 27:31 | Create | Villager (Male) |
| 27:44 | Build | Farm |
| 27:44 | Build | Farm |
| 27:44 | Build | Farm |
| 27:45 | Build | Farm |
| 27:45 | Build | Farm |
| 27:48 | Create | Villager (Male) |
| 27:48 | Create | Villager (Male) |
| 28:05 | Research | Fletching |
| 28:13 | Build | Farm |
| 28:13 | Build | Farm |
| 28:13 | Build | Farm |
| 28:26 | Build | Farm |
| 28:26 | Build | Farm |
| 28:27 | Build | Farm |
| 28:27 | Build | Farm |
| 28:27 | Build | Farm |
| 29:18 | Create | Organ Gun |
| 29:18 | Create | Organ Gun |
| 29:19 | Create | Organ Gun |
| 29:47 | Create | Villager (Male) |
| 29:48 | Create | Villager (Male) |
| 29:48 | Create | Villager (Male) |
| 29:52 | Research | Town Watch |
| 30:25 | Build | House |
| 30:28 | Build | House |
| 30:30 | Build | House |
| 30:31 | Build | House |
| 30:32 | Build | House |
| 30:34 | Build | House |
| 30:37 | Build | House |
| 30:37 | Build | House |
| 30:37 | Build | House |
| 30:38 | Build | House |
| 30:39 | Build | House |
| 30:41 | Research | Imperial Age |
| 30:51 | Create | Villager (Male) |
| 30:51 | Create | Villager (Male) |
| 30:52 | Create | Villager (Male) |
| 31:05 | Research | Heavy Plow |
| 31:14 | Create | Organ Gun |
Build order — Blues_1111
First 150 of 403 actions detected
| 0:05 | Build | House |
| 0:08 | Build | House |
| 0:09 | Research | Loom |
| 0:09 | Create | Villager (Male) |
| 0:10 | Create | Villager (Male) |
| 0:10 | Create | Villager (Male) |
| 0:11 | Create | Villager (Male) |
| 2:40 | Build | Palisade Wall |
| 4:40 | Build | Palisade Wall |
| 4:48 | Build | Lumber Camp |
| 4:53 | Create | Villager (Male) |
| 4:54 | Create | Villager (Male) |
| 4:54 | Create | Villager (Male) |
| 4:55 | Create | Villager (Male) |
| 5:28 | Create | Villager (Male) |
| 6:00 | Create | Villager (Male) |
| 6:55 | Create | Villager (Male) |
| 7:15 | Create | Villager (Male) |
| 7:17 | Create | Villager (Male) |
| 7:57 | Build | Lumber Camp |
| 8:05 | Build | Lumber Camp |
| 8:10 | Create | Villager (Male) |
| 8:14 | Build | House |
| 8:21 | Build | House |
| 8:23 | Build | House |
| 8:24 | Build | House |
| 8:25 | Build | House |
| 8:31 | Create | Villager (Male) |
| 9:13 | Create | Villager (Male) |
| 10:26 | Create | Villager (Male) |
| 10:27 | Create | Villager (Male) |
| 10:28 | Create | Villager (Male) |
| 10:48 | Build | House |
| 10:49 | Build | House |
| 10:50 | Build | House |
| 11:24 | Create | Villager (Male) |
| 11:42 | Build | Mill |
| 12:13 | Create | Villager (Male) |
| 13:09 | Build | Palisade Gate |
| 13:29 | Create | Villager (Male) |
| 13:29 | Create | Villager (Male) |
| 14:12 | Build | Mining Camp |
| 14:45 | Research | Feudal Age |
| 15:10 | Build | Lumber Camp |
| 15:30 | Build | Farm |
| 15:30 | Build | Farm |
| 15:30 | Build | Farm |
| 15:30 | Build | Farm |
| 15:31 | Build | Farm |
| 15:38 | Build | Farm |
| 15:58 | Build | Farm |
| 15:58 | Build | Farm |
| 15:58 | Build | Farm |
| 15:59 | Build | Farm |
| 16:00 | Build | Farm |
| 16:43 | Build | Mining Camp |
| 16:55 | Age | Feudal Age |
| 16:58 | Research | Double-Bit Axe |
| 16:59 | Create | Villager (Male) |
| 17:00 | Create | Villager (Male) |
| 17:00 | Create | Villager (Male) |
| 17:14 | Research | Gold Mining |
| 17:23 | Build | Barracks |
| 17:39 | Create | Villager (Male) |
| 17:55 | Create | Villager (Male) |
| 18:05 | Create | Militia |
| 18:05 | Create | Militia |
| 18:06 | Create | Militia |
| 18:06 | Create | Militia |
| 18:13 | Build | Barracks |
| 18:53 | Research | Man-at-Arms (upgrade) |
| 19:05 | Build | Market |
| 19:24 | Build | Stone Wall |
| 20:01 | Build | Farm |
| 20:04 | Build | Farm |
| 20:05 | Create | Villager (Male) |
| 20:05 | Create | Villager (Male) |
| 20:06 | Create | Villager (Male) |
| 20:56 | Build | Farm |
| 21:22 | Build | Gate |
| 21:50 | Build | Blacksmith |
| 22:00 | Create | Villager (Male) |
| 22:29 | Research | Castle Age |
| 23:25 | Create | Militia |
| 23:25 | Create | Militia |
| 23:29 | Create | Militia |
| 25:09 | Age | Castle Age |
| 25:10 | Research | Bow Saw |
| 25:16 | Build | Town Center |
| 25:19 | Create | Villager (Male) |
| 25:20 | Create | Villager (Male) |
| 25:21 | Create | Villager (Male) |
| 25:29 | Build | Siege Workshop |
| 25:52 | Create | Villager (Male) |
| 25:52 | Create | Villager (Male) |
| 25:56 | Research | Horse Collar |
| 26:22 | Research | Stone Mining |
| 26:24 | Research | Gold Shaft Mining |
| 26:34 | Create | Villager (Male) |
| 26:34 | Create | Villager (Male) |
| 26:34 | Create | Villager (Male) |
| 26:34 | Create | Villager (Male) |
| 26:35 | Create | Villager (Male) |
| 26:45 | Build | Siege Workshop |
| 27:31 | Build | Monastery |
| 27:40 | Create | Villager (Male) |
| 27:40 | Create | Villager (Male) |
| 27:44 | Create | Villager (Male) |
| 27:44 | Create | Villager (Male) |
| 27:45 | Create | Villager (Male) |
| 27:45 | Create | Villager (Male) |
| 28:23 | Create | Villager (Male) |
| 28:24 | Create | Villager (Male) |
| 28:43 | Build | Town Center |
| 28:48 | Create | Villager (Male) |
| 28:48 | Create | Villager (Male) |
| 28:48 | Create | Villager (Male) |
| 28:52 | Create | Villager (Male) |
| 28:52 | Create | Villager (Male) |
| 29:04 | Build | Stable |
| 29:06 | Create | Monk |
| 29:16 | Research | Heavy Plow |
| 29:19 | Create | Villager (Male) |
| 29:20 | Create | Villager (Male) |
| 29:44 | Create | Villager (Male) |
| 29:44 | Create | Villager (Male) |
| 29:45 | Create | Villager (Male) |
| 30:16 | Build | Stable |
| 30:30 | Create | Villager (Male) |
| 30:30 | Create | Villager (Male) |
| 30:33 | Create | Villager (Male) |
| 30:33 | Create | Villager (Male) |
| 30:41 | Research | Wheelbarrow |
| 30:51 | Build | Mill |
| 30:52 | Build | Farm |
| 30:52 | Build | Farm |
| 30:52 | Build | Farm |
| 30:53 | Build | Farm |
| 30:54 | Build | Farm |
| 30:55 | Build | Farm |
| 31:05 | Build | House |
| 31:06 | Build | House |
| 31:07 | Build | House |
| 31:08 | Build | House |
| 31:15 | Build | House |
| 31:16 | Build | House |
| 31:17 | Build | House |
| 31:19 | Build | House |
| 31:37 | Build | Castle |
| 32:01 | Create | Villager (Male) |
Build order — 大大只
First 150 of 438 actions detected
| 0:04 | Build | House |
| 0:05 | Build | House |
| 0:13 | Create | Villager (Male) |
| 0:13 | Create | Villager (Male) |
| 0:13 | Create | Villager (Male) |
| 0:46 | Create | Villager (Male) |
| 2:26 | Create | Villager (Male) |
| 2:44 | Build | House |
| 3:52 | Create | Villager (Male) |
| 3:52 | Create | Villager (Male) |
| 4:21 | Build | House |
| 4:55 | Build | Lumber Camp |
| 5:13 | Create | Villager (Male) |
| 5:13 | Create | Villager (Male) |
| 5:14 | Create | Villager (Male) |
| 5:42 | Research | Loom |
| 5:59 | Create | Villager (Male) |
| 6:12 | Create | Villager (Male) |
| 7:14 | Create | Villager (Male) |
| 7:22 | Create | Villager (Male) |
| 7:23 | Create | Villager (Male) |
| 7:48 | Build | Mill |
| 8:30 | Create | Villager (Male) |
| 8:30 | Create | Villager (Male) |
| 9:05 | Build | Barracks |
| 10:05 | Build | Mill |
| 10:12 | Create | Villager (Male) |
| 10:12 | Create | Villager (Male) |
| 10:50 | Build | Mining Camp |
| 11:11 | Create | Villager (Male) |
| 11:15 | Create | Villager (Male) |
| 11:35 | Research | Feudal Age |
| 11:50 | Build | Lumber Camp |
| 12:32 | Build | Outpost |
| 13:19 | Build | Outpost |
| 13:23 | Create | Villager (Male) |
| 13:24 | Create | Villager (Male) |
| 13:34 | Build | Farm |
| 13:44 | Build | Farm |
| 13:46 | Age | Feudal Age |
| 13:58 | Build | Market |
| 14:17 | Build | Outpost |
| 14:21 | Build | Outpost |
| 14:43 | Create | Villager (Male) |
| 14:44 | Create | Villager (Male) |
| 14:45 | Create | Villager (Male) |
| 15:00 | Build | Blacksmith |
| 15:05 | Build | House |
| 15:29 | Build | House |
| 15:33 | Build | Farm |
| 15:34 | Build | Farm |
| 15:35 | Build | Farm |
| 15:35 | Build | Farm |
| 15:35 | Build | Farm |
| 15:36 | Build | Farm |
| 15:36 | Build | Farm |
| 15:36 | Build | Farm |
| 15:52 | Build | Farm |
| 16:02 | Create | Villager (Male) |
| 16:09 | Build | Farm |
| 16:28 | Build | Farm |
| 16:38 | Build | House |
| 16:40 | Build | House |
| 16:56 | Build | Farm |
| 17:22 | Build | Farm |
| 17:32 | Research | Castle Age |
| 17:55 | Build | Archery Range |
| 18:14 | Research | Fletching |
| 18:29 | Build | Farm |
| 18:33 | Research | Double-Bit Axe |
| 18:42 | Build | Farm |
| 18:47 | Create | Villager (Male) |
| 19:00 | Build | Lumber Camp |
| 19:10 | Create | Villager (Male) |
| 19:10 | Create | Villager (Male) |
| 19:20 | Create | Archer |
| 19:20 | Create | Archer |
| 19:20 | Create | Archer |
| 19:43 | Create | Spearman |
| 19:44 | Create | Spearman |
| 20:12 | Age | Castle Age |
| 20:22 | Build | Town Center |
| 20:33 | Research | Squires |
| 20:37 | Create | Spearman |
| 20:37 | Create | Spearman |
| 20:41 | Research | Crossbowman (upgrade) |
| 20:43 | Create | Archer |
| 20:43 | Create | Archer |
| 20:58 | Build | Siege Workshop |
| 21:24 | Research | Scale Mail Armor |
| 22:03 | Create | Archer |
| 22:20 | Create | Villager (Male) |
| 22:20 | Create | Villager (Male) |
| 22:21 | Create | Villager (Male) |
| 22:24 | Create | Villager (Male) |
| 22:24 | Create | Villager (Male) |
| 22:25 | Create | Villager (Male) |
| 22:30 | Build | Farm |
| 22:34 | Build | Farm |
| 22:36 | Create | Villager (Male) |
| 22:36 | Create | Villager (Male) |
| 23:05 | Build | Outpost |
| 23:28 | Create | Battering Ram |
| 23:41 | Create | Militia |
| 23:44 | Create | Spearman |
| 23:44 | Create | Spearman |
| 23:48 | Build | House |
| 23:49 | Build | House |
| 23:50 | Build | House |
| 23:51 | Build | House |
| 23:53 | Build | House |
| 23:53 | Build | House |
| 24:33 | Create | Battering Ram |
| 24:50 | Build | Farm |
| 24:51 | Build | Farm |
| 24:51 | Build | Farm |
| 24:54 | Create | Villager (Male) |
| 24:58 | Create | Villager (Male) |
| 24:58 | Create | Villager (Male) |
| 24:58 | Create | Villager (Male) |
| 25:04 | Build | Farm |
| 25:07 | Build | Farm |
| 25:29 | Create | Battering Ram |
| 25:44 | Build | Farm |
| 25:48 | Build | Farm |
| 25:50 | Create | Villager (Male) |
| 25:51 | Create | Villager (Male) |
| 25:54 | Create | Villager (Male) |
| 25:55 | Create | Villager (Male) |
| 25:55 | Create | Villager (Male) |
| 25:55 | Create | Villager (Male) |
| 26:02 | Build | Farm |
| 26:05 | Build | Farm |
| 26:37 | Research | Bow Saw |
| 27:49 | Build | Monastery |
| 28:09 | Build | Farm |
| 28:13 | Build | Farm |
| 28:14 | Create | Villager (Male) |
| 28:14 | Create | Villager (Male) |
| 28:14 | Create | Villager (Male) |
| 28:15 | Create | Villager (Male) |
| 28:42 | Build | Stable |
| 28:47 | Build | Stable |
| 28:48 | Create | Monk |
| 28:54 | Build | Stable |
| 28:59 | Research | Thumb Ring |
| 29:02 | Create | Archer |
| 29:02 | Create | Archer |
| 29:03 | Create | Archer |
| 29:06 | Create | Villager (Male) |
Build order — Sheldor
First 150 of 198 actions detected
| 0:09 | Build | House |
| 0:14 | Build | House |
| 0:24 | Create | Villager (Male) ×4 |
| 1:27 | Create | Villager (Male) |
| 1:50 | Build | Lumber Camp |
| 4:00 | Create | Villager (Male) ×4 |
| 5:31 | Create | Villager (Male) |
| 5:31 | Create | Villager (Male) |
| 7:15 | Create | Villager (Male) ×5 |
| 7:58 | Build | Mill |
| 8:15 | Build | House |
| 8:18 | Build | House |
| 8:30 | Build | House |
| 8:46 | Create | Villager (Male) ×4 |
| 9:17 | Build | Farm |
| 9:18 | Build | Farm |
| 9:18 | Build | Farm |
| 9:47 | Build | Mill |
| 10:25 | Research | Feudal Age |
| 11:42 | Research | Loom |
| 11:50 | Build | Farm |
| 11:50 | Build | Farm |
| 11:51 | Build | Farm |
| 12:26 | Build | House |
| 12:27 | Build | House |
| 12:28 | Build | House |
| 12:30 | Build | House |
| 13:13 | Create | Villager (Male) |
| 13:13 | Create | Villager (Male) |
| 13:30 | Build | Lumber Camp |
| 14:06 | Age | Feudal Age |
| 14:21 | Research | Double-Bit Axe |
| 15:06 | Build | Blacksmith |
| 15:37 | Build | Barracks |
| 15:50 | Build | Mining Camp |
| 16:21 | Build | Market |
| 16:31 | Create | Villager (Male) |
| 16:32 | Create | Villager (Male) |
| 16:33 | Create | Villager (Male) |
| 16:35 | Create | Villager (Male) |
| 16:52 | Create | Spearman |
| 16:53 | Create | Spearman |
| 16:54 | Create | Spearman |
| 16:55 | Create | Spearman |
| 16:57 | Create | Spearman |
| 17:13 | Build | Farm |
| 17:43 | Build | Mining Camp |
| 18:52 | Create | Villager (Male) |
| 18:52 | Create | Villager (Male) |
| 18:53 | Create | Villager (Male) |
| 18:59 | Research | Stone Mining |
| 19:00 | Research | Gold Mining |
| 20:30 | Research | Castle Age |
| 20:49 | Build | Mining Camp |
| 21:03 | Create | Villager (Male) |
| 21:03 | Create | Villager (Male) |
| 21:44 | Create | Villager (Male) ×5 |
| 23:10 | Age | Castle Age |
| 24:45 | Build | Castle |
| 25:33 | Research | Gold Shaft Mining |
| 25:34 | Research | Stone Shaft Mining |
| 25:51 | Build | Town Center |
| 26:07 | Build | Lumber Camp |
| 26:14 | Research | Bow Saw |
| 26:24 | Research | Horse Collar |
| 26:37 | Build | Mining Camp |
| 26:49 | Build | Lumber Camp |
| 27:10 | Create | Villager (Male) ×5 |
| 27:17 | Research | Heavy Plow |
| 27:31 | Create | Unit 1968 ×5 |
| 27:32 | Create | Unit 1968 ×5 |
| 27:34 | Create | Unit 1968 ×5 |
| 27:45 | Research | Padded Archer Armor |
| 27:57 | Build | Farm |
| 28:11 | Build | Farm |
| 28:18 | Create | Villager (Male) |
| 28:39 | Build | Lumber Camp |
| 29:16 | Build | Farm |
| 29:19 | Build | Farm |
| 29:20 | Build | Farm |
| 29:21 | Build | Farm |
| 29:32 | Create | Villager (Male) ×4 |
| 29:47 | Create | Unit 1968 ×5 |
| 30:22 | Build | Town Center |
| 31:29 | Research | Leather Archer Armor |
| 31:30 | Research | Scale Mail Armor |
| 31:31 | Research | Fletching |
| 31:36 | Research | Forging |
| 32:39 | Build | Farm |
| 32:49 | Create | Villager (Male) ×5 |
| 32:50 | Create | Villager (Male) |
| 33:06 | Create | Villager (Male) |
| 33:55 | Build | Farm |
| 33:55 | Build | Farm |
| 34:03 | Build | Farm |
| 34:10 | Build | Farm |
| 34:21 | Create | Villager (Male) ×5 |
| 35:00 | Build | House |
| 35:03 | Build | House |
| 35:15 | Build | Mining Camp |
| 35:26 | Build | Farm |
| 35:26 | Build | Farm |
| 35:31 | Build | Farm |
| 35:32 | Build | Farm |
| 36:01 | Create | Unit 1968 ×5 |
| 36:07 | Create | Unit 1968 |
| 36:08 | Create | Unit 1968 |
| 36:11 | Create | Unit 1968 |
| 36:12 | Create | Unit 1968 |
| 36:25 | Build | Farm |
| 36:26 | Build | Farm |
| 37:34 | Build | House |
| 37:36 | Build | House |
| 37:44 | Build | House |
| 37:46 | Build | House |
| 37:47 | Build | House |
| 38:01 | Build | Farm |
| 38:04 | Research | Imperial Age |
| 38:21 | Create | Villager (Male) ×5 |
| 38:36 | Create | Villager (Male) ×5 |
| 38:41 | Create | Villager (Male) |
| 38:42 | Create | Villager (Male) |
| 39:28 | Build | Town Center |
| 39:44 | Research | Bodkin Arrow |
| 40:23 | Research | Tech 1080 |
| 40:48 | Build | University |
| 41:14 | Age | Imperial Age |
| 41:47 | Research | Two-Man Saw |
| 42:01 | Research | Tech 1074 |
| 42:13 | Build | Lumber Camp |
| 42:48 | Build | Castle |
| 43:37 | Create | Unit 1968 ×5 |
| 43:38 | Create | Unit 1968 ×5 |
| 46:03 | Create | Unit 1968 ×5 |
| 46:04 | Create | Unit 1968 ×5 |
| 46:05 | Create | Unit 1968 ×3 |
| 46:15 | Create | Unit 1968 ×5 |
| 46:15 | Create | Unit 1968 ×5 |
| 46:15 | Create | Unit 1968 ×5 |
| 47:03 | Build | Lumber Camp |
| 47:37 | Research | Chemistry |
| 47:39 | Research | Ballistics |
| 47:41 | Research | Masonry |
| 47:51 | Create | Unit 1968 ×5 |
| 49:37 | Create | Unit 1968 ×5 |
| 49:37 | Create | Unit 1968 ×5 |
| 49:38 | Create | Unit 1968 ×5 |
| 49:38 | Create | Unit 1968 ×5 |
| 52:09 | Create | Unit 1968 ×5 |
| 52:10 | Create | Unit 1968 ×5 |
Match timeline
| 2:40 | Blues_1111 · wall_segment Palisade Wall x18 |
| 4:40 | Blues_1111 · wall_segment Palisade Wall x1 |
| 9:05 | 大大只 · first_building Barracks |
| 11:14 | Nicholas · first_building Barracks |
| 12:09 | Nicholas · age_up feudal |
| 12:20 | Nicholas · first_building Archery Range |
| 13:46 | 大大只 · age_up feudal |
| 14:06 | Sheldor · age_up feudal |
| 15:37 | Sheldor · first_building Barracks |
| 15:47 | Nicholas · first_building Stable |
| 16:55 | Blues_1111 · age_up feudal |
| 17:16 | Nicholas · age_up castle |
| 17:23 | Blues_1111 · first_building Barracks |
| 17:55 | 大大只 · first_building Archery Range |
| 19:24 | Blues_1111 · wall_segment Stone Wall x19 |
| 20:12 | 大大只 · age_up castle |
| 20:58 | 大大只 · first_building Siege Workshop |
| 21:15 | Nicholas · first_building Siege Workshop |
| 23:10 | Sheldor · age_up castle |
| 23:30 | Nicholas · first_building Castle |
| 24:45 | Sheldor · first_building Castle |
| 25:09 | Blues_1111 · age_up castle |
| 25:29 | Blues_1111 · first_building Siege Workshop |
| 27:31 | Blues_1111 · first_building Monastery |
| 27:49 | 大大只 · first_building Monastery |
| 28:42 | 大大只 · first_building Stable |
| 29:04 | Blues_1111 · first_building Stable |
| 31:37 | Blues_1111 · first_building Castle |
| 32:18 | Sheldor · tribute_sent a jugador 1 |
| 32:18 | Sheldor · tribute_sent a jugador 2 |
| 32:18 | Sheldor · tribute_sent a jugador 3 |
| 33:35 | Sheldor · first_market_sell 100 wood |
| 33:51 | Nicholas · age_up imperial |
| 37:03 | Blues_1111 · age_up imperial |
| 38:14 | 大大只 · age_up imperial |
| 38:18 | Nicholas · first_market_sell 500 food |
| 38:48 | 大大只 · first_building Castle |
| 41:14 | Sheldor · age_up imperial |
| 47:46 | 大大只 · first_market_sell 100 food |
| 52:37 | Blues_1111 · first_market_buy 100 stone |
| 53:35 | Sheldor · first_building Stable |
| 58:32 | Blues_1111 · first_building Archery Range |
| 60:27 | Blues_1111 · resign |
[ AI ANALYSIS · 1 CREDIT ]
What really happened in this match?
Wolo.gg analyzes every decision: build order, eco, micro, common mistakes by bracket. Personalized analysis on WhatsApp or Discord in 30 seconds.
Civ guide
Portuguese
Map guide
Amazon Tunnel
Perfil
Jugador #23213611